 Dungeon Crawl Stone Soup version 0.29.1-15-g9cfb28693d (webtiles) character file.

Game seed: 8102651569812176795

3 QwertyIsDirtey the Ruffian (level 1, 0/18 HPs)
             Began as a Ghoul Gladiator on Mar 24, 2023.
             Slain by Sigmund
             ... wielding a +0 scythe
              (4 damage)
             ... on level 2 of the Dungeon.
             The game lasted 00:00:23 (85 turns).

QwertyIsDirtey the Ruffian (Ghoul Gladiator)          Turns: 85, Time: 00:00:24

Health: 0/18       AC:  4    Str: 17    XL:     1   Next: 50%
Magic:  0/0        EV: 12    Int:  3    God:
Gold:   28         SH:  0    Dex: 10    Spells: 0/0 levels left

rFire   . . .      SeeInvis .     - Unarmed
rCold   + . .      Faith    .   (no shield)
rNeg    + + +      Spirit   .   a - +0 leather armour
rPois   ∞          Reflect  .   b - +0 helmet
rElec   .          Harm     .   (no cloak)
rCorr   .          Rampage  .   (no gloves)
Will    .....                   (no boots)
Stlth   +.........              (no amulet)
HPRegen 0.00/turn               (no ring)
MPRegen 0.07/turn               (no ring)

@: inhibited regen
A: claws 1, cold resistance 1, negative energy resistance 3, inhibited
regeneration, torment resistance 2, devour on kill
a: no special abilities


You were on level 2 of the Dungeon.
You visited 1 branch of the dungeon, and saw 2 of its levels.

You collected 28 gold pieces.

Inventory:

Missiles
 c - 3 throwing nets (quivered)
 d - a javelin
Armour
 a - a +0 leather armour (worn)
 b - a +0 helmet (worn)


   Skills:
 + Level 2.3 Fighting
 + Level 1.9 Throwing
 + Level 2.7 Dodging
 + Level 3.2 Unarmed Combat


You couldn't memorise any spells.
You didn't know any spells.
Your spell library was empty.

Dungeon Overview and Level Annotations

Branches:
Dungeon (2/15)

Altars:

Annotations:
D:2 Natasha, Sigmund


Innate Abilities, Weirdness & Mutations

You are immune to poison.
You have sharp fingernails.
Your flesh is cold resistant. (rC+)
You are immune to negative energy. (rN+++)
You do not regenerate when monsters are visible.
You are immune to unholy pain and torment.
You thrive by killing the living.


Message History

You resist with significant effort.
The giant cockroach waves its antennae.
The giant cockroach bites you.
Natasha mumbles some strange words.
The kobold hits you with a +2 dagger of flaming.
The kobold burns you.
The kobold throws a stone.
The stone hits you but does no damage.
Natasha zaps a wand.
The giant cockroach attacks as you move away!
The giant cockroach closely misses you.
The giant cockroach bites you but does no damage.
Sigmund casts a spell at you. The magic dart hits you.
Natasha hisses.
The giant cockroach bites you but does no damage.
Natasha zaps a wand.
The giant cockroach attacks as you move away!
The giant cockroach bites you but does no damage.
Sigmund barely misses you.
The kobold throws a stone.
The stone hits you.
* * * LOW HITPOINT WARNING * * *
The giant cockroach barely misses you.
Sigmund gestures wildly while chanting.
Sigmund flickers and vanishes!
Deactivating autopickup; reactivate with Ctrl-A.
Natasha zaps a wand.
You resist with significant effort. The iron imp hits you.
* * * LOW HITPOINT WARNING * * *
The giant cockroach attacks as you move away!
The giant cockroach barely misses you.
The giant cockroach bites you but does no damage.
The giant cockroach attacks as you move away!
The giant cockroach barely misses you.
Natasha mumbles some strange words.
The kobold throws a stone.
The stone barely misses you. The giant cockroach misses you.
The giant cockroach attacks as you move away!
The giant cockroach completely misses you.
Natasha casts a spell.
Something hits you.
You die...

#...........
#..........[
#.........##
#..5......#
#.........#
#h.5......#
#.........#
#.5K......#
#.B@......#
###########


You could see 2 iron imps, Natasha, a crimson imp (summoned), a giant cockroach
and a kobold.

Vanquished Creatures
  An endoplasm (D:2)
  A hobgoblin (D:1)
  A rat (D:2)
3 creatures vanquished.

Notes
Turn   | Place    | Note
-------+----------+-------------------------------------------
     0 | D:1      | QwertyIsDirtey the Ghoul Gladiator began the quest for the
                  | Orb.
     0 | D:1      | Reached XP level 1. HP: 17/17 MP: 0/0
    66 | D:2      | Noticed Sigmund
    66 | D:2      | Noticed Natasha
    73 | D:2      | Noticed an iron imp
    85 | D:2      | Noticed an iron imp
    85 | D:2      | Slain by Sigmund

Illustrated notes

Levels and vault maps discovered:
D:1:      scummos_arrival_forest, layout_loops_ring
D:2:      layout_basic, minmay_misc_feat_four_crosses, uniq_sigmund,
          uniq_natasha

Action                   || total
-------------------------++-------
Melee: Unarmed           ||     4
Armor: Leather armour    ||     6
Dodge: Dodged            ||     9
